 Dungeon Crawl Stone Soup version 0.14.0-24-gfb45beb (webtiles) character file.

75 4tharraofdagon the Firebug (level 3, -4/19 HPs)
             Began as a Deep Elf Fire Elementalist on Apr 24, 2014.
             Was an Initiate of Sif Muna.
             Slain by Grinder (6 damage)
             ... on Level 5 of the Dungeon.
             The game lasted 00:04:37 (574 turns).

4tharraofdagon the Firebug (DEFE)                    Turns: 574, Time: 00:04:38

HP  -4/19        AC  2     Str  5      XL: 3   Next:  1%
MP   8/11        EV 13     Int 20      God: Sif Muna [......]
Gold 46          SH  0     Dex 15      Spells:  2 memorised,  4 levels left

rFire  . . .     SeeInvis .     f - +0 quarterstaff
rCold  . . .     Clarity  .     a - +0 robe
rNeg   . . .     Conserve .     (no shield)
rPois  .         rCorr    .     (no helmet)
rElec  .         rRot     .     (no cloak)
SustAb . .       Spirit   .     (no gloves)
rMut   .         Warding  .     (no boots)
Saprov . . .     Stasis   .     (no amulet)
MR     .....                    (no ring)
                                (no ring)

@: not resistant to hostile enchantments, fairly stealthy
A: no striking features
a: Renounce Religion


You were on level 5 of the Dungeon.
You worshipped Sif Muna.
Sif Muna was noncommittal.
You were not hungry.

You visited 1 branch of the dungeon, and saw 7 of its levels.

You collected 73 gold pieces.
You spent 27 gold pieces at shops.

Inventory:

Hand weapons
 e - a +0,+0 club
 f - a +0,+0 quarterstaff (weapon)
Missiles
 l - 17 stones (quivered)
Armour
 a - a +0 robe (worn)
Comestibles
 c - 2 bread rations
 d - a meat ration
 h - an apricot
Scrolls
 j - a scroll of magic mapping {unknown}
Potions
 g - a potion of curing
 i - a potion of haste {unknown}
 k - a potion of berserk rage {unknown}
 m - a potion of brilliance
Books
 b - a book of Flames

   Spells                             Type                      Level
   *Flame Tongue                      Conjuration/Fire             1
   Throw Flame                        Conjuration/Fire             2
   *Conjure Flame                     Conjuration/Fire             3
   Inner Flame                        Hexes/Fire                   3
   Sticky Flame                       Conjuration/Fire             4
   Fireball                           Conjuration/Fire             5


   Skills:
 - Level 2.4 Dodging
 - Level 2.4 Stealth
 + Level 3.3 Spellcasting
 * Level 2.3 Conjurations
 * Level 3.8 Fire Magic


You had 4 spell levels left.
You knew the following spells:

 Your Spells              Type           Power        Failure   Level  Hunger
a - Flame Tongue          Conj/Fire      ###..        4%          1    None
b - Conjure Flame         Conj/Fire      ###.....     14%         3    ###....


Dungeon Overview and Level Annotations

Branches:
Dungeon (7/15)
 Temple: D:4-7

Altars:
Sif Muna
Trog

Shops:
D:5 [*

Annotations:
D:5 Grinder, Prince Ribbit


Message History

You climb upwards.
Level annotation: Grinder, Prince Ribbit
There is a stone staircase leading down here.
You see here an uncursed amulet of guardian spirit.
Grinder shouts!
Unknown command.
Unknown command.
Unknown command.
You see here an uncursed amulet of guardian spirit.
You start resting.
Casting: Flame Tongue
Confirm with . or Enter, or press ? or * to list all spells.
Aiming: Conjure Flame
Press: ? - help, Dir - move target cursor The fire roars!
Unknown command.
Grinder is engulfed in roaring flames.
Grinder hits you!
* * * LOW HITPOINT WARNING * * *
You writhe in agony.
You die...

..#...#.#
#.#.#.......∩..#
#######.#
#.#.#....#.....# #..
..#%#..........#
#######.#..........#
#.......#......>...##.#
#.###.....#.###..<....#
# #.#####.# #...###.#
####'###....5..# #...#
# ...........###@.#
#....( ...........#
#..###...###
.......!...# #........#
..........####.###.###
.......................
.....5.........###.###
.......#..........
......####...###.#
.....# #.#...


You could see Grinder.

Vanquished Creatures
  A shadow imp (D:5)
  A worm (D:4)
  An ooze (D:5)
  2 orcs
  2 bats
  2 giant cockroaches
  A goblin (D:3)
  A kobold (D:2)
  A giant gecko (D:2)
  A giant newt (D:5)
  3 rats
16 creatures vanquished.

Notes
Turn   | Place    | Note
--------------------------------------------------------------
     0 | D:1      | 4tharraofdagon, the Deep Elf Fire Elementalist, began the quest for the Orb.
     0 | D:1      | Reached XP level 1. HP: 10/10 MP: 5/5
   141 | D:2      | Found a bloodstained altar of Trog.
   141 | D:2      | Found a deep blue altar of Sif Muna.
   145 | D:2      | Became a worshipper of Sif Muna the Loreminder
   232 | D:4      | Reached XP level 2. HP: 13/15 MP: 0/8
   251 | D:5      | Entered Level 5 of the Dungeon
   251 | D:5      | Found Cloizilu's General Store.
   258 | D:5      | Bought a potion of brilliance for 27 gold pieces
   283 | D:5      | Noticed Grinder
   302 | D:5      | Paralysed by Grinder for 7 turns
   352 | D:4      | Noticed a worker ant
   368 | D:5      | Noticed Prince Ribbit
   402 | D:5      | Found Tranasux's Antique Armour Emporium.
   445 | D:7      | Noticed a giant frog
   501 | D:6      | Reached XP level 3. HP: 1/19 MP: 2/11
   506 | D:6      | Learned a level 3 spell: Conjure Flame
   574 | D:5      | Slain by Grinder

Action                   || total
-------------------------++-------
Melee: Quarterstaff      ||     2
       Unarmed           ||     1
 Cast: Flame Tongue      ||    24
       Conjure Flame     ||     1
  Use: Scroll            ||     1
       Potion            ||     1
